 Dungeon Crawl Stone Soup version 0.28-a0-834-g1a73be5ee4 (webtiles) character file.

Game seed: 1748844339311503762

233 avis the Insei (level 6, -15/42 HPs)
             Began as an Octopode Transmuter on Nov 11, 2021.
             Succumbed to a gnoll's poison
             ... on level 4 of the Dungeon.
             The game lasted 00:22:58 (4317 turns).

avis the Insei (Octopode Transmuter)                Turns: 4317, Time: 00:22:59

Health: -15/42     AC:  2    Str: 11    XL:     6   Next: 5%
Magic:  7/9        EV: 19    Int: 15    God:
Gold:   113        SH:  0    Dex: 18    Spells: 1/9 levels left

rFire   . . .      SeeInvis .     - Unarmed
rCold   . . .      Faith    .   (shield currently unavailable)
rNeg    . . .      Spirit   .   (helmet currently unavailable)
rPois   x          Reflect  .   (no amulet)
rElec   .          Harm     .   (no ring)
rCorr   .          Rampage  .   (no ring)
Will    .....                   (no ring)
Stlth   ++........              (no ring)
HPRegen 0.14/turn               (no ring)
MPRegen 0.11/turn               (no ring)
                                (no ring)
                                (no ring)

@: lethally poisoned (-15 -> -97), spider-form (expiring)
A: venomous fangs, almost no armour, (amphibious), 8 rings, tiny, (camouflage
1), (gelatinous body 1), (nimble swimmer 1), (tentacles)
a: End Transformation


You were on level 4 of the Dungeon.
You were a venomous arachnid creature.
You visited 1 branch of the dungeon, and saw 4 of its levels.

You collected 113 gold pieces.

Inventory:

Hand Weapons
 b - a +0 hunting sling
Missiles
 c - 118 stones
 g - 30 poisoned darts
 i - 20 bolts
 n - 25 arrows
Jewellery
 j - a ring of positive energy
Wands
 l - a wand of iceblast (17)
Scrolls
 a - a scroll of identify {unknown}
 h - a scroll of vulnerability {unknown}
 m - a scroll of immolation {unknown}
 o - a scroll of blinking {unknown}
Potions
 e - a potion of curing {unknown}
 f - a potion of degeneration {unknown}
 k - 2 potions of brilliance {unknown}


   Skills:
 - Level 3.0 Fighting
 - Level 2.0 Dodging
 - Level 5.0 Unarmed Combat
 * Level 2.0 Spellcasting
 - Level 3.0 Transmutations
 - Level 2.0 Poison Magic


You had one spell level left.
You knew the following spells:

 Your Spells              Type           Power      Damage    Failure   Level
a - Beastly Appendage     Tmut           20%        N/A       17%         1
p - Spider Form           Tmut/Pois      9%         N/A       45%         3
q - Ice Form              Ice/Tmut       6%         N/A       89%         4

Your spell library contained the following spells:

 Spells                   Type           Power      Damage    Failure   Level
 Wereblood                Tmut           10%        N/A       24%         2
 Ozocubu's Armour         Ice            1%         N/A       75%         3
 Ozocubu's Refrigeration  Ice            0%         4d5       100%        7


Dungeon Overview and Level Annotations

Branches:
Dungeon (4/15)
 Temple: D:4-7

Altars:
Dithmenos

Shops:
D:3 [

Annotations:
D:3 Grinder


Innate Abilities, Weirdness & Mutations

You are a venomous arachnid creature.
You have poisonous fangs.
You are tiny and dextrous.
Your spellcasting is less reliable in this form.
Your armour is entirely melded.
You are incapable of wielding weapons or throwing items.
You cannot wear most types of armour.
((You are amphibious.))
You can wear up to eight rings at the same time.
((Your skin changes colour to match your surroundings (Stealth+).))
((Your rubbery body absorbs attacks. (AC +1, EV +1)))
((You are camouflaged near water. (Stealth+)))
((You have tentacles for arms and can constrict up to eight enemies at once.))


Message History

The spell is quite dangerous to cast (24% risk of failure)!
Continue anyway?
You miscast Spider Form.
You are very lightly contaminated with residual magic.
Your body is flooded with distortional energies.
You start resting.
Your magical contamination has completely faded away.
You start resting.
Magic restored.
Casting: Spider Form (quite dangerous; 24% risk of failure)
Confirm with . or Enter, or press ? or * to list all spells.
The spell is quite dangerous to cast (24% risk of failure)!
Continue anyway?
You turn into a venomous arachnid creature.
You climb downwards.
The gnoll shouts!
You hear a shout!
The gnoll hits you from afar with a +0 spear of venom!
You are lethally poisoned!
There is a stone staircase leading up here.
You feel extremely sick.
The gnoll hits you with a +0 spear of venom!
You are more poisoned.
You barely miss the gnoll.
* * * LOW HITPOINT WARNING * * *
You feel extremely sick. The gnoll completely misses you.
It was a potion of heal wounds.
You feel much better.
You feel extremely sick.
The gnoll hits you with a +0 spear of venom.
You are more poisoned.
You hit the gnoll.
The gnoll is poisoned.
The gnoll is moderately wounded.
* * * LOW HITPOINT WARNING * * *
You feel extremely sick. The gnoll misses you.
You feel much better.
Your transformation is almost over.
* * * LOW HITPOINT WARNING * * *
You feel extremely sick.
The gnoll hits you with a +0 spear of venom!
* * * LOW HITPOINT WARNING * * *
You are more poisoned.
You die...

..........##
............ .
...........# ..
.....!.....# ...
...........#..
..........g. ..
........g.##....
...............#
.......s..####.#
..........#
..........#
..........#
..........#
..........#
..........#
..........#


You could see 2 gnolls.

Vanquished Creatures
  A phantom (D:3)
  Terence (D:2)
  A gnoll (D:3)
  6 adders
  3 dart slugs (D:1)
  2 bats
  3 endoplasms
  6 giant cockroaches
  5 goblins
  7 hobgoblins
  2 jackals (D:3)
  3 kobolds
  2 quokkas (D:1)
  10 ball pythons
  6 frilled lizards
  6 rats
64 creatures vanquished.

Vanquished Creatures (others)
  A plant (D:1)
1 creature vanquished.

Grand Total: 65 creatures vanquished

Notes
Turn   | Place    | Note
-------+----------+-------------------------------------------
     0 | D:1      | avis the Octopode Transmuter began the quest for the Orb.
     0 | D:1      | Reached XP level 1. HP: 13/13 MP: 3/3
   115 | D:1      | Reached XP level 2. HP: 18/18 MP: 3/5
   329 | D:1      | Reached skill level 4 in Unarmed Combat
   462 | D:1      | Reached XP level 3. HP: 23/23 MP: 4/6
   483 | D:1      | Learned a level 3 spell: Spider Form
   742 | D:1      | Found a faded altar of an unknown god.
   977 | D:2      | Reached skill level 1 in Poison Magic
  1034 | D:2      | Noticed Terence
  1046 | D:2      | Killed Terence
  1047 | D:2      | Reached XP level 4. HP: 6/29 MP: 4/7
  1355 | D:2      | Found a shadowy altar of Dithmenos.
  2050 | D:2      | Reached skill level 5 in Unarmed Combat
  2111 | D:2      | Reached XP level 5. HP: 32/34 MP: 8/8
  2676 | D:3      | Noticed Grinder
  3214 | D:3      | Found Erisew's Antique Armour Shop.
  3728 | D:4      | Noticed a phantom
  3942 | D:3      | Killed a phantom
  3943 | D:3      | Reached XP level 6. HP: 12/42 MP: 4/9
  4254 | D:3      | Learned a level 4 spell: Ice Form
  4316 | D:4      | HP: 2/42 [gnoll (10)]
  4317 | D:4      | Succumbed to a gnoll's poison

Illustrated notes

Levels and vault maps discovered:
D:1:      wander_arrival_fairy_ring, layout_basic,
          shapermc_ecumenical_altar_acropolis, chequers_avenue,
          minmay_misc_feat_four_crosses
D:2:      layout_basic, basic_altar, uniq_terence
D:3:      layout_loops_corners, gammafunk_ghost_smash, serial_shops,
          nicolae_diamond_shop, minmay_misc_feat_enclosed, uniq_grinder
D:4:      corexii_shack_village, layout_basic, minmay_quadrilaterals,
          uniq_natasha, uniq_sigmund

Skill      XL: |  1  2  3  4  5  6 |
---------------+-------------------+-----
Unarmed Combat | 4 5 |  5.0
Fighting       | 2 3 |  3.0
Poison Magic   | 1 2 |  2.0
Transmutations | 3 |  3.0
Dodging        | |  2.0
Spellcasting   | |  2.0

Action                   |  1- 3 |  4- 6 || total
-------------------------+-------+-------++-------
Melee: Unarmed           |    35 |    63 ||    98
       Constrict         |     9 |     4 ||    13
       Kick              |     9 |     2 ||    11
       Tentacles         |     4 |     2 ||     6
 Fire: Hunting sling     |    66 |    19 ||    85
 Cast: Beastly Appendage |    11 |     7 ||    18
       Spider Form       |     1 |    17 ||    18
  Use: Potion            |       |     2 ||     2
 Stab: Sleeping          |     3 |     1 ||     4
Armor: Skin              |     5 |     2 ||     7
Dodge: Dodged            |    24 |    47 ||    71

Table legend: (Time is in decaauts)
 A = Elapsed time spent in this place.
 B = Non-inter-level travel time spent in this place.
 C = Inter-level travel time spent in this place.
 D = Time resting spent in this place.
 E = Time spent auto-exploring this place.
 F = Levels seen in this place.
 G = Mean time per level.
                   A        B        C        D        E       F      G
               +--------+--------+--------+--------+--------+-----+--------+
         Total |   4314 |   4062 |    252 |   1482 |   1315 |   4 | 1078.5 |
       Dungeon |   4314 |   4062 |    252 |   1482 |   1315 |   4 | 1078.5 |
               +--------+--------+--------+--------+--------+-----+--------+

Top non-repeatable levels by time:
     D:2: 2066 daAuts
     D:3: 1201 daAuts
     D:1: 1011 daAuts
     D:4: 34 daAuts
